 Dungeon Crawl Stone Soup version 0.20-a0-1122-gb7cbeb9 (console) character file.

46 nht the Digger (level 3, 0/26 HPs)
             Began as a Ghoul Earth Elementalist on May 14, 2017.
             Slain by a goblin
             ... wielding a +0 club
             ... led by Robin
              (5 damage)
             ... on level 2 of the Dungeon.
             The game lasted 00:03:12 (1066 turns).

nht the Digger (Ghoul Earth Elementalist)           Turns: 1066, Time: 00:03:14

Health: 0/26       AC:  2    Str: 11    XL:     3   Next: 68%
Magic:  0/4        EV: 12    Int: 11    God:
Gold:   27         SH:  0    Dex:  9    Spells: 4/5 levels left

rFire    . . .     SeeInvis .   (no weapon)
rCold    + . .     Gourm    .   (no shield)
rNeg     + + +     Faith    .   c - +0 robe
rPois    ∞         Spirit   .   (no helmet)
rElec    .         Reflect  .   (no cloak)
rCorr    .         Harm     .   (no gloves)
MR       .....                  (no boots)
Stlth    ++........             (no amulet)
Regen    0.0/turn               (no ring)
MPRegen  0.1/turn               (no ring)

@: very slightly contaminated, rotting
A: rotting body, claws 1, carnivore 3, cold resistance 1, negative energy
resistance 3, inhibited regeneration, torment resistance, unbreathing
a: no special abilities


You were on level 2 of the Dungeon.
You were not hungry.

You visited 1 branch of the dungeon, and saw 2 of its levels.

You collected 27 gold pieces.

Inventory:

Missiles
 b - 9 stones (quivered)
Armour
 c - a +0 robe (worn)
Scrolls
 f - a scroll of magic mapping {unknown}
 g - a scroll of random uselessness {unknown}
 h - a scroll of recharging
 i - a scroll of remove curse {unknown}
 k - a scroll of fear
 l - 3 scrolls of enchant weapon {unknown}
 m - a scroll of amnesia {unknown}
Books
 e - a book of Geomancy

   Spells                             Type                      Level
   a - Sandblast                      Earth                        1
   b - Passwall                       Transmutation/Earth          2
   c - Stone Arrow                    Conjuration/Earth            3
   d - Petrify                        Transmutation/Earth          4
   e - Lee's Rapid Deconstruction     Earth                        5
Comestibles
 a - 7 chunks of flesh
 d - a meat ration


   Skills:
 - Level 1.7 Dodging
 - Level 2.1 Stealth
 - Level 1.7 Spellcasting
   Level 0.8 Transmutations
 + Level 5.0 Earth Magic


You had 4 spell levels left.
You knew the following spells:

 Your Spells              Type           Power        Failure   Level  Hunger
a - Sandblast             Erth           ##....       3%          1    ##.....


Dungeon Overview and Level Annotations

Branches:
Dungeon (2/15)

Altars:
Fedhas

Annotations:
D:2 Natasha, Robin


Innate Abilities, Weirdness & Mutations

Your body is rotting away.
You thrive on raw meat.
You are immune to poison.
You have sharp fingernails.
You are carnivorous and can eat meat at any time.
Your flesh is cold resistant. (rC+)
You are immune to negative energy. (rN+++)
You do not regenerate when monsters are visible.
You are immune to unholy pain and torment.
You can survive without breathing.


Message History

Aim: a goblin, wielding a club (unusually strong)
The blast of sand hits the goblin.
The goblin is severely wounded.
b - 9 stones The adder bites you but does no damage.
The goblin closely misses you. The adder barely misses you.
Robin says, "Kneel, worm!"
Eat one of 9 chunks of flesh? (ye/n/q)
You eat one of the 9 chunks of flesh.
This raw flesh tastes great!
The adder closely misses you.
Eat one of 8 chunks of flesh? (ye/n/q)
You eat one of the 8 chunks of flesh.
This raw flesh tastes great!
The adder bites you but does no damage. Robin hits you with a mace.
The goblin barely misses you. The adder barely misses you.
The goblin hits you with a club.
* * * LOW HITPOINT WARNING * * *
Robin throws the goblin at you!
* * * LOW HITPOINT WARNING * * *
The goblin hits you with a club.
You die...

.≈≈.≈.██
███████.......)..>.██ .≈g≈≈≈█
......█............. .).....█
.██████............. ...b...█
█████)..........██.
gg.....██████...).g███.g█████
.......)†...).███.██ ██.█
.......>..........█


█g█ .......████████████████.████ .......█ █...@S.g.██....███ .......
█..g......)........ .b..... ............█████.███. ....... ████........█ .█
....... █........█ . .....█. ██████████ . .█ You could see Robin, an adder and a
goblin.

Vanquished Creatures
  A dart slug (D:1)
  A leopard gecko (D:1)
  A giant cockroach (D:1)
  13 goblins
  10 hobgoblins
  3 bats (D:1)
  A frilled lizard (D:1)
  4 kobolds (D:1)
  3 rats
37 creatures vanquished.

Notes
Turn   | Place    | Note
-------+----------+-------------------------------------------
     0 | D:1      | nht the Ghoul Earth Elementalist began the quest for the Orb.
     0 | D:1      | Reached XP level 1. HP: 14/14 MP: 2/2
   106 | D:1      | Reached XP level 2. HP: 15/20 MP: 0/3
   114 | D:1      | Reached skill level 4 in Earth Magic
   572 | D:1      | Reached XP level 3. HP: 25/26 MP: 1/4
   813 | D:2      | Found a blossoming altar of Fedhas.
   820 | D:2      | Noticed Natasha
   825 | D:2      | Noticed Robin
  1052 | D:2      | Reached skill level 5 in Earth Magic
  1066 | D:2      | Slain by a goblin

Vault maps used:
D:1:      minmay_arrival_arboretum_small, serial_forest,
          infiniplex_forest_straight_5, infiniplex_forest_lined_2,
          infiniplex_forest_lined_room_2, infiniplex_forest_lined_4_way,
          infiniplex_forest_corner_2
D:2:      fedhas_altar_2, uniq_robin, uniq_terence, uniq_natasha

Skill      XL: |  1  2  3 |
---------------+----------+-----
Earth Magic    | 4 5 |  5.0
Dodging        | |  1.7
Stealth        | |  2.1
Spellcasting   | |  1.7
Transmutations | |  0.8

Action                   || total
-------------------------++-------
Melee: Unarmed           ||    65
 Cast: Sandblast         ||    39
  Use: Scroll            ||     3
       Potion            ||     1
 Stab: Sleeping          ||     1
  Eat: Chunk             ||    19
Armor: Robe              ||    19
Dodge: Dodged            ||    67
